Maple Leafs vs Devils

Created - 11 janvier 2018 at 19:25

Goals
1 2 3 T
Maple Leafs 0 4 0 4
Devils 1 1 0 2
Shots
1 2 3 T
Maple Leafs 9 24 4 37
Devils 7 13 11 31

1st period

1. Devils , Steven Stamkos 16 (Shea Weber 14, Steve Mason) at 5:35 (PP)

Penalties :
Travis Zajac (TOR) for Elbowing (Minor) at 4:24, Nikolaj Ehlers (TOR) for Roughing (Minor) at 15:05

2nd period

2. Maple Leafs , Stephen Gionta 5 (Toby Enstrom 10, Mikhail Sergachev 2) at 1:54
3. Maple Leafs , Bobby Ryan 5 (Luke Schenn 2, Nikolaj Ehlers 20) at 2:35
4. Maple Leafs , Stephen Gionta 6 (Sergey Kalinin 4, Mikhail Sergachev 3) at 9:33
5. Maple Leafs , Travis Zajac 9 (Mike Hoffman 21) at 11:16 (PP)
6. Devils , Steven Stamkos 17 (Nazem Kadri 15, Alexander Kerfoot 1) at 12:24 (PP)

Penalties :
Alexander Kerfoot (NJD) for Holding (Minor) at 11:07, Hampus Lindholm (TOR) for Slashing (Minor) at 11:35

3rd period

No Goal

Penalties :
Mike Hoffman (TOR) for Roughing (Minor) at 3:27, Tyler Johnson (NJD) for Tripping (Minor) at 14:08

Goalie Stats

Marc-Andre Fleury (TOR), 29 saves from 31 shots - (0,935), W, 12-18-6, 60:00 minutes
Steve Mason (NJD), 33 saves from 37 shots - (0,892), L, 3-7-0, 60:00 minutes

Players Stats for Maple Leafs

Player Name              G  A  P  +/- PIM S  H  SB GA TA FO     MP     PP MP  PK MP  
------------------------------------------------------------------------------------
Bobby Ryan               1  0  1   1  0   3  0  0  0  0  6/13   18:44   0:57   1:28 
Evgeny Svechnikov        0  0  0   0  0   0  0  0  0  0  0/0     6:06   0:00   0:00 
Fredrik Claesson         0  0  0   0  0   0  1  0  0  0  0/0    12:55   0:00   0:49 
Hampus Lindholm          0  0  0   1  2   2  2  1  1  0  0/0    27:25   1:21   2:54 
Lars Eller               0  0  0   1  0   2  2  2  0  1  1/1    17:04   0:57   0:00 
Logan Couture            0  0  0   0  0   2  2  0  1  0  0/0    20:51   1:11   3:36 
Luke Schenn              0  1  1   1  0   1  4  5  0  2  0/0    28:15   1:21   3:43 
Michael McCarron         0  0  0   0  0   0  2  0  0  0  2/5     6:06   0:00   0:00 
Michael Mersch           0  0  0   0  0   0  0  0  0  0  0/0     2:47   0:00   0:29 
Mike Hoffman             0  1  1   0  2   3  1  0  1  1  1/1    18:18   1:11   1:04 
Mikhail Sergachev        0  2  2   2  0   4  0  0  0  0  0/0    19:39   0:47   2:15 
Nikolaj Ehlers           0  1  1   1  2   3  2  1  1  0  0/0    18:11   0:57   0:59 
Sergey Kalinin           0  1  1   2  0   3  1  0  0  0  4/7    15:12   0:00   1:44 
Stephen Gionta           2  0  2   2  0   3  0  0  1  0  0/0    13:08   0:00   0:00 
Steven Santini           0  0  0   0  0   1  1  0  0  0  0/0    12:06   0:00   0:00 
Toby Enstrom             0  1  1   2  0   0  0  0  0  0  0/0    19:39   0:47   2:15 
Tom Kostopoulos          0  0  0   2  0   5  3  1  0  0  0/0    13:34   0:00   0:00 
Travis Zajac             1  0  1   0  2   5  1  0  0  2  16/33  23:58   1:11   2:36 

Players Stats for Devils

Player Name              G  A  P  +/- PIM S  H  SB GA TA FO     MP     PP MP  PK MP  
------------------------------------------------------------------------------------
Alexander Debrincat      0  0  0   0  0   0  1  0  0  0  0/0     7:55   0:00   0:00 
Alexander Edler          0  0  0   0  0   1  0  0  0  1  0/0    16:59   3:07   0:00 
Alexander Kerfoot        0  1  1  -1  2   2  2  0  0  0  0/1    17:53   2:57   0:00 
Andrew Cogliano          0  0  0   0  0   2  0  0  1  0  1/1     9:07   0:00   1:12 
Ben Lovejoy              0  0  0  -2  0   2  0  1  0  1  0/0    19:22   0:00   0:47 
Brayden Point            0  0  0  -1  0   1  1  0  1  1  2/3    16:25   0:03   1:00 
Conor Sheary             0  0  0  -1  0   0  1  1  2  0  0/0    14:47   0:00   0:56 
Danton Heinen            0  0  0  -1  0   1  2  0  0  0  4/8    13:53   0:04   0:00 
Dmitry Kulikov           0  0  0  -2  0   0  0  1  0  1  0/0    19:16   0:00   1:21 
Linden Vey               0  0  0   0  0   2  0  1  0  0  3/5     7:55   0:00   0:00 
Matt Hunwick             0  0  0  -1  0   0  1  0  0  0  0/0    23:39   2:51   1:21 
Nazem Kadri              0  1  1  -1  0   5  0  0  0  0  9/21   17:54   2:57   0:00 
Nick Holden              0  0  0   0  0   0  0  0  0  0  0/0    17:46   3:07   0:47 
Shea Weber               0  1  1  -1  0   0  1  1  0  1  0/0    22:58   2:51   0:00 
Steven Stamkos           2  0  2  -1  0   6  1  0  1  0  9/14   18:09   2:58   0:00 
T.J. Oshie               0  0  0  -1  0   5  0  2  0  0  1/2    18:09   2:58   0:00 
Tanner Pearson           0  0  0  -1  0   1  0  0  0  0  1/3    17:31   2:57   1:08 
Tyler Johnson            0  0  0  -1  2   3  1  0  1  0  0/2    18:12   3:00   0:00 

3 Stars

1 - Stephen Gionta (TOR)
2 - Mikhail Sergachev (TOR)
3 - Luke Schenn (TOR)

Power Play

Maple Leafs - 1 on 2 Attempt(s) - 50,00%
Devils - 2 on 4 Attempt(s) - 50,00%

Penalty Kill

Maple Leafs - 2 on 4 Attempt(s) - 50,00% - Score 0 goal in Penalty Kill
Devils - 1 on 2 Attempt(s) - 50,00% - Score 0 goal in Penalty Kill

Team Stat

Maple Leafs - Hits : 22 - Faceoff Wins : 30 - Blocked Shots : 10 - Penalty Minutes : 8
Devils - Hits : 11 - Faceoff Wins : 30 - Blocked Shots : 7 - Penalty Minutes : 4

Official

Referees : Dennis LaRue and Jean Hebert
Linesman : Matt MacPherson and Bryan Pancich

Game Notes

No Game Note

Finance

Level 1 -- Attendance: 4220 (70,33%) -- Ticket Income 422 000 $
Level 2 -- Attendance: 4428 (88,56%) -- Ticket Income 265 680 $
Level 3 -- Attendance: 1988 (99,40%) -- Ticket Income 69 580 $
Level 4 -- Attendance: 4000 (100,00%) -- Ticket Income 80 000 $
Luxury Box -- Attendance: 742 (74,20%) -- Ticket Income 148 400 $
Game was played at the Hellgates Center.
Total Attendance: 15378 (85,43%)
Total Ticket Income: 985 660 $
Other Income: 482 973 $
Total Income: 1 468 633 $

Maple Leafs

5 vs 5 Forward 
   Center                   Left Wing                Right Wing               Time % Phy DF OF 
 1 Travis Zajac             Logan Couture            Mike Hoffman             40     1   2  2  
 2 Bobby Ryan               Lars Eller               Nikolaj Ehlers           30     1   2  2  
 3 Sergey Kalinin           Tom Kostopoulos          Stephen Gionta           20     1   2  2  
 4 Michael McCarron         Evgeny Svechnikov        Travis Zajac             10     1   2  2  

5 vs 5 Defense 
   Defense                  Defense                                           Time % Phy DF OF 
 1 Hampus Lindholm          Luke Schenn                                       40     1   2  2  
 2 Toby Enstrom             Mikhail Sergachev                                 30     1   2  2  
 3 Steven Santini           Fredrik Claesson                                  20     1   2  2  
 4 Hampus Lindholm          Luke Schenn                                       10     1   2  2  

PowerPlay Forward 
   Center                   Left Wing                Right Wing               Time % Phy DF OF 
 1 Travis Zajac             Logan Couture            Mike Hoffman             60     1   2  2  
 2 Bobby Ryan               Lars Eller               Nikolaj Ehlers           40     1   2  2  

PowerPlay Defense
   Defense                  Defense                                           Time % Phy DF OF 
 1 Hampus Lindholm          Luke Schenn                                       60     1   2  2  
 2 Toby Enstrom             Mikhail Sergachev                                 40     1   2  2  

Penalty Kill 4 Players Forward 
   Center                   Wing                     Time % Phy DF OF 
 1 Travis Zajac             Logan Couture            60     1   2  2  
 2 Mike Hoffman             Nikolaj Ehlers           40     1   2  2  

Penalty Kill 4 Players Defense
   Defense                  Defense                  Time % Phy DF OF 
 1 Hampus Lindholm          Luke Schenn              60     1   2  2  
 2 Toby Enstrom             Mikhail Sergachev        40     1   2  2  

Penalty Kill - 3 Players Forward 
   Forward                                           Time % Phy DF OF 
 1 Travis Zajac                                      60     1   2  2  
 2 Logan Couture                                     40     1   2  2  

Penalty Kill - 3 Players Defense
   Defense                  Defense                  Time % Phy DF OF 
 1 Hampus Lindholm          Luke Schenn              60     1   2  2  
 2 Toby Enstrom             Mikhail Sergachev        40     1   2  2  

4 vs 4 Forward 
   Center                   Wing                     Time % Phy DF OF 
 1 Travis Zajac             Logan Couture            60     1   2  2  
 2 Mike Hoffman             Nikolaj Ehlers           40     1   2  2  

4 vs 4 Defense
   Defense                  Defense                  Time % Phy DF OF 
 1 Hampus Lindholm          Luke Schenn              60     1   2  2  
 2 Toby Enstrom             Mikhail Sergachev        40     1   2  2  

Last Minutes Offensive
   Center                   Left Wing                Right Wing               Defense                  Defense                  
   Travis Zajac             Logan Couture            Mike Hoffman             Hampus Lindholm          Luke Schenn              

Last Minutes Defensive
   Center                   Left Wing                Right Wing               Defense                  Defense                  
   Travis Zajac             Logan Couture            Mike Hoffman             Hampus Lindholm          Luke Schenn              

Goaltenders
Starting : Marc-Andre Fleury        
Backup : Petr Mrazek              

Extra Forwards
Normal : Michael Mersch, Tom Kostopoulos, Sergey Kalinin - PP : Michael Mersch, Tom Kostopoulos - PK : Sergey Kalinin
Extra Defensemen
Normal : Steven Santini, Fredrik Claesson, Toby Enstrom - PP : Steven Santini - PK : Fredrik Claesson, Toby Enstrom
Penalty Shots
Travis Zajac, Logan Couture, Mike Hoffman, Nikolaj Ehlers, Bobby Ryan
Custom OT Lines Forwards
Travis Zajac, Logan Couture, Mike Hoffman, Nikolaj Ehlers, Bobby Ryan, Lars Eller, Tom Kostopoulos, Sergey Kalinin, Stephen Gionta, Evgeny Svechnikov
Custom OT Lines Defensemen
Hampus Lindholm, Luke Schenn, Toby Enstrom, Mikhail Sergachev, Steven Santini

Scratches
Anze Kopitar (Healthy), Jeff Petry (Exhaustion)

Devils

5 vs 5 Forward 
   Center                   Left Wing                Right Wing               Time % Phy DF OF 
 1 Steven Stamkos           T.J. Oshie               Tyler Johnson            31     0   1  4  
 2 Nazem Kadri              Alexander Kerfoot        Brayden Point            31     0   1  4  
 3 Danton Heinen            Conor Sheary             Tanner Pearson           28     0   2  3  
 4 Linden Vey               Andrew Cogliano          Alexander Debrincat      10     0   2  3  

5 vs 5 Defense 
   Defense                  Defense                                           Time % Phy DF OF 
 1 Shea Weber               Matt Hunwick                                      37     1   2  2  
 2 Dmitry Kulikov           Ben Lovejoy                                       34     1   2  2  
 3 Nick Holden              Alexander Edler                                   25     1   2  2  
 4 Shea Weber               Ben Lovejoy                                       4      1   2  2  

PowerPlay Forward 
   Center                   Left Wing                Right Wing               Time % Phy DF OF 
 1 Steven Stamkos           T.J. Oshie               Tyler Johnson            50     0   0  5  
 2 Nazem Kadri              Tanner Pearson           Alexander Kerfoot        50     0   0  5  

PowerPlay Defense
   Defense                  Defense                                           Time % Phy DF OF 
 1 Shea Weber               Matt Hunwick                                      50     1   2  2  
 2 Nick Holden              Alexander Edler                                   50     1   2  2  

Penalty Kill 4 Players Forward 
   Center                   Wing                     Time % Phy DF OF 
 1 Andrew Cogliano          Brayden Point            50     1   4  0  
 2 Tanner Pearson           Tyler Johnson            50     1   4  0  

Penalty Kill 4 Players Defense
   Defense                  Defense                  Time % Phy DF OF 
 1 Matt Hunwick             Dmitry Kulikov           50     1   4  0  
 2 Nick Holden              Ben Lovejoy              50     1   2  2  

Penalty Kill - 3 Players Forward 
   Forward                                           Time % Phy DF OF 
 1 Andrew Cogliano                                   60     1   2  2  
 2 Tyler Johnson                                     40     1   2  2  

Penalty Kill - 3 Players Defense
   Defense                  Defense                  Time % Phy DF OF 
 1 Shea Weber               Alexander Edler          60     1   2  2  
 2 Nick Holden              Ben Lovejoy              40     1   2  2  

4 vs 4 Forward 
   Center                   Wing                     Time % Phy DF OF 
 1 Steven Stamkos           Alexander Kerfoot        50     1   2  2  
 2 Nazem Kadri              Tyler Johnson            50     1   2  2  

4 vs 4 Defense
   Defense                  Defense                  Time % Phy DF OF 
 1 Shea Weber               Matt Hunwick             50     1   2  2  
 2 Nick Holden              Alexander Edler          50     1   2  2  

Last Minutes Offensive
   Center                   Left Wing                Right Wing               Defense                  Defense                  
   Steven Stamkos           T.J. Oshie               Nazem Kadri              Shea Weber               Alexander Edler          

Last Minutes Defensive
   Center                   Left Wing                Right Wing               Defense                  Defense                  
   Steven Stamkos           T.J. Oshie               Nazem Kadri              Shea Weber               Alexander Edler          

Goaltenders
Starting : Steve Mason              
Backup : Scott Darling            

Extra Forwards
Normal : Danton Heinen, Brayden Point, Conor Sheary - PP : Danton Heinen, Brayden Point - PK : Conor Sheary
Extra Defensemen
Normal : Matt Hunwick, Dmitry Kulikov, Nick Holden - PP : Matt Hunwick - PK : Dmitry Kulikov, Nick Holden
Penalty Shots
T.J. Oshie, Brayden Point, Alexander Kerfoot, Danton Heinen, Tanner Pearson
Custom OT Lines Forwards
Steven Stamkos, T.J. Oshie, Nazem Kadri, Tyler Johnson, Tanner Pearson, Andrew Cogliano, Danton Heinen, Brayden Point, Conor Sheary, Alexander Kerfoot
Custom OT Lines Defensemen
Shea Weber, Alexander Edler, Nick Holden, Ben Lovejoy, Matt Hunwick

Scratches
Dominic Moore (Healthy), Michal Neuvirth (Healthy)

% Time on Ice - Maple Leafs

Lines # - Real PCT - Wanted PCT - Time Play
Normal Forward
1 - 32% - 40% - 16:33
2 - 31% - 30% - 16:07
3 - 25% - 20% - 13:08
4 - 12% - 10% - 6:06
Normal Defense
1 - 39% - 40% - 20:22
2 - 32% - 30% - 16:37
3 - 23% - 20% - 12:06
4 - 5% - 10% - 2:49
PP Forward
1 - 55% - 60% - 1:11
2 - 45% - 40% - 0:57
PP Defense
1 - 63% - 60% - 1:21
2 - 37% - 40% - 0:47
PK Forward
1 - 72% - 60% - 4:19
2 - 28% - 40% - 1:39
PK Defense
1 - 62% - 60% - 3:43
2 - 38% - 40% - 2:15
PK3 Forward
1 - 0% - 60%
2 - 0% - 40%
PK3 Defense
1 - 0% - 60%
2 - 0% - 40%
44 Forward
1 - 0% - 60%
2 - 0% - 40%
44 Defense
1 - 0% - 60%
2 - 0% - 40%
Last Minute Offensive  - 0:00
Last Minute Defensive  - 0:00
Total
Forward - 60:00
Defense - 60:00

% Time on Ice - Devils

Lines # - Real PCT - Wanted PCT - Time Play
Normal Forward
1 - 29% - 31% - 15:16
2 - 29% - 31% - 15:01
3 - 26% - 28% - 13:42
4 - 15% - 10% - 7:55
Normal Defense
1 - 37% - 37% - 19:27
2 - 34% - 34% - 17:44
3 - 27% - 25% - 13:46
4 - 2% - 4% - 0:57
PP Forward
1 - 51% - 50% - 3:01
2 - 49% - 50% - 2:57
PP Defense
1 - 48% - 50% - 2:51
2 - 52% - 50% - 3:07
PK Forward
1 - 47% - 50% - 1:00
2 - 53% - 50% - 1:08
PK Defense
1 - 63% - 50% - 1:21
2 - 37% - 50% - 0:47
PK3 Forward
1 - 0% - 60%
2 - 0% - 40%
PK3 Defense
1 - 0% - 60%
2 - 0% - 40%
44 Forward
1 - 0% - 50%
2 - 0% - 50%
44 Defense
1 - 0% - 50%
2 - 0% - 50%
Last Minute Offensive  - 0:00
Last Minute Defensive  - 0:00
Total
Forward - 60:00
Defense - 60:00

Play by Play

1st period


0:01 of 1st period - Travis Zajac wins face-off versus Tyler Johnson in neutral zone.
0:04 of 1st period - Tyler Johnson is hit by Travis Zajac and loses puck.
0:37 of 1st period - Snap shot by Tom Kostopoulos.
0:37 of 1st period - Stopped by Steve Mason with a rebound.
2:04 of 1st period - Snap shot by Nikolaj Ehlers.
2:04 of 1st period - Stopped by Steve Mason without a rebound.
2:05 of 1st period - Nazem Kadri wins face-off versus Bobby Ryan in Devils zone.
2:10 of 1st period - Wrist shot by Nazem Kadri.
2:10 of 1st period - Shot Blocked by Luke Schenn.
2:12 of 1st period - Slapshot by Ben Lovejoy.
2:12 of 1st period - Deflect By Hampus Lindholm.
2:12 of 1st period - Stopped by Marc-Andre Fleury with a rebound.
2:14 of 1st period - Slapshot by Ben Lovejoy.
2:14 of 1st period - Deflect By Hampus Lindholm.
2:14 of 1st period - Stopped by Marc-Andre Fleury without a rebound.
2:15 of 1st period - Travis Zajac wins face-off versus Nazem Kadri in Maple Leafs zone.
2:26 of 1st period - Slapshot by Mike Hoffman.
2:26 of 1st period - Shot Misses the Net.
2:33 of 1st period - Icing by Nazem Kadri.
2:34 of 1st period - Lars Eller wins face-off versus Nazem Kadri in Devils zone.
3:09 of 1st period - Wrist shot by Conor Sheary.
3:09 of 1st period - Shot Blocked by Hampus Lindholm.
3:21 of 1st period - Backhand shot by Alexander Debrincat.
3:21 of 1st period - Shot Misses the Net.
3:23 of 1st period - Slapshot by Alexander Edler.
3:23 of 1st period - Shot Blocked by Luke Schenn.
3:25 of 1st period - Snap shot by Alexander Edler.
3:25 of 1st period - Deflect By Alexander Debrincat.
3:25 of 1st period - Shot Misses the Net.
3:25 of 1st period - Puck is out of play.
3:26 of 1st period - Linden Vey wins face-off versus Sergey Kalinin in Maple Leafs zone.
3:35 of 1st period - Snap shot by Tom Kostopoulos.
3:35 of 1st period - Stopped by Steve Mason with a rebound.
3:59 of 1st period - Icing by Steven Santini.
4:00 of 1st period - Steven Stamkos wins face-off versus Bobby Ryan in Maple Leafs zone.
4:01 of 1st period - Wrist shot by Tyler Johnson.
4:01 of 1st period - Stopped by Marc-Andre Fleury without a rebound.
4:02 of 1st period - Travis Zajac wins face-off versus Danton Heinen in Maple Leafs zone.
4:24 of 1st period - Minor Penalty to Travis Zajac for Elbowing.
4:25 of 1st period - Sergey Kalinin wins face-off versus Steven Stamkos in Maple Leafs zone.
5:09 of 1st period - Icing by Alexander Kerfoot.
5:10 of 1st period - Sergey Kalinin wins face-off versus Nazem Kadri in Devils zone.
5:35 of 1st period - Slapshot by Steven Stamkos.
5:35 of 1st period - Goal by Steven Stamkos - Maple Leafs : 0 - Devils : 1.
5:36 of 1st period - Steven Stamkos wins face-off versus Bobby Ryan in neutral zone.
6:17 of 1st period - Matt Hunwick is hit by Luke Schenn and loses puck.
6:48 of 1st period - Matt Hunwick is hit by Michael McCarron and loses puck.
7:25 of 1st period - Slapshot by Tanner Pearson.
7:25 of 1st period - Shot Misses the Net.
7:27 of 1st period - Snap shot by Danton Heinen.
7:27 of 1st period - Shot Misses the Net.
8:07 of 1st period - Alexander Edler is hit by Hampus Lindholm and loses puck.
10:01 of 1st period - Slapshot by Steven Stamkos.
10:01 of 1st period - Shot Misses the Net.
10:03 of 1st period - Backhand shot by Tyler Johnson.
10:03 of 1st period - Stopped by Marc-Andre Fleury with a rebound.
10:40 of 1st period - Slapshot by Mikhail Sergachev.
10:40 of 1st period - Stopped by Steve Mason with a rebound.
11:31 of 1st period - Nazem Kadri is hit by Luke Schenn and loses puck.
11:53 of 1st period - Off-side.
11:54 of 1st period - Steven Stamkos wins face-off versus Travis Zajac in neutral zone.
12:03 of 1st period - Slapshot by Mike Hoffman.
12:03 of 1st period - Stopped by Steve Mason with a rebound.
12:40 of 1st period - Wrist shot by Tanner Pearson.
12:40 of 1st period - Shot Misses the Net.
12:42 of 1st period - Slapshot by Alexander Edler.
12:42 of 1st period - Stopped by Marc-Andre Fleury without a rebound.
12:43 of 1st period - Bobby Ryan wins face-off versus Nazem Kadri in Maple Leafs zone.
12:50 of 1st period - Wrist shot by Lars Eller.
12:50 of 1st period - Deflect By Nikolaj Ehlers.
12:50 of 1st period - Shot Misses the Net.
12:50 of 1st period - Puck is out of play.
12:51 of 1st period - Nazem Kadri wins face-off versus Bobby Ryan in Devils zone.
13:37 of 1st period - Slapshot by Sergey Kalinin.
13:37 of 1st period - Stopped by Steve Mason without a rebound.
13:38 of 1st period - Michael McCarron wins face-off versus Tanner Pearson in Devils zone.
13:43 of 1st period - Slapshot by Mikhail Sergachev.
13:43 of 1st period - Deflect By Travis Zajac.
13:43 of 1st period - Stopped by Steve Mason without a rebound.
13:44 of 1st period - Danton Heinen wins face-off versus Michael McCarron in Devils zone.
14:14 of 1st period - Wrist shot by Nikolaj Ehlers.
14:14 of 1st period - Stopped by Steve Mason without a rebound.
14:15 of 1st period - Travis Zajac wins face-off versus Steven Stamkos in Devils zone.
14:26 of 1st period - Backhand shot by Mike Hoffman.
14:26 of 1st period - Shot Misses the Net.
14:33 of 1st period - Off-side.
14:34 of 1st period - Bobby Ryan wins face-off versus Nazem Kadri in neutral zone.
14:45 of 1st period - Slapshot by Brayden Point.
14:45 of 1st period - Shot Misses the Net.
14:47 of 1st period - Slapshot by Ben Lovejoy.
14:47 of 1st period - Shot Blocked by Nikolaj Ehlers.
14:49 of 1st period - Slapshot by Shea Weber.
14:49 of 1st period - Shot Misses the Net.
15:05 of 1st period - Minor Penalty to Nikolaj Ehlers for Roughing.
15:06 of 1st period - Travis Zajac wins face-off versus Nazem Kadri in Maple Leafs zone.
15:22 of 1st period - Wrist shot by Alexander Kerfoot.
15:22 of 1st period - Stopped by Marc-Andre Fleury with a rebound.
15:42 of 1st period - Snap shot by Steven Stamkos.
15:42 of 1st period - Shot Hit the Post.
17:05 of 1st period - Penalty to Nikolaj Ehlers is over, Nikolaj Ehlers is back on ice.
17:11 of 1st period - Ben Lovejoy is hit by Sergey Kalinin and loses puck.
17:32 of 1st period - Bobby Ryan is hit by Conor Sheary and loses puck.
18:03 of 1st period - Snap shot by Evgeny Svechnikov.
18:03 of 1st period - Shot Misses the Net.
18:05 of 1st period - Wrist shot by Evgeny Svechnikov.
18:05 of 1st period - Shot Misses the Net.
19:34 of 1st period - Wrist shot by Nikolaj Ehlers.
19:34 of 1st period - Stopped by Steve Mason without a rebound.
19:35 of 1st period - Linden Vey wins face-off versus Michael McCarron in Devils zone.
Goals for this period are 0 for Maple Leafs vs 1 for Devils.
Shots for this period are 9 for Maple Leafs vs 7 for Devils.

2nd period


0:01 of 2nd period - Brayden Point wins face-off versus Travis Zajac in neutral zone.
0:14 of 2nd period - Slapshot by Brayden Point.
0:14 of 2nd period - Stopped by Marc-Andre Fleury with a rebound.
0:20 of 2nd period - Hampus Lindholm is hit by Alexander Kerfoot and loses puck.
0:41 of 2nd period - Snap shot by Steven Stamkos.
0:41 of 2nd period - Shot Blocked by Lars Eller.
1:01 of 2nd period - Slapshot by Sergey Kalinin.
1:01 of 2nd period - Stopped by Steve Mason without a rebound.
1:02 of 2nd period - Sergey Kalinin wins face-off versus Danton Heinen in Devils zone.
1:16 of 2nd period - Off-side.
1:17 of 2nd period - Steven Stamkos wins face-off versus Travis Zajac in neutral zone.
1:20 of 2nd period - Snap shot by T.J. Oshie.
1:20 of 2nd period - Shot Misses the Net.
1:46 of 2nd period - Snap shot by Tom Kostopoulos.
1:46 of 2nd period - Stopped by Steve Mason with a rebound.
1:52 of 2nd period - Snap shot by Mikhail Sergachev.
1:52 of 2nd period - Shot Misses the Net.
1:54 of 2nd period - Slapshot by Toby Enstrom.
1:54 of 2nd period - Deflect By Stephen Gionta.
1:54 of 2nd period - Goal by Stephen Gionta - Maple Leafs : 1 - Devils : 1.
1:55 of 2nd period - Nazem Kadri wins face-off versus Travis Zajac in neutral zone.
2:03 of 2nd period - Snap shot by Mike Hoffman.
2:03 of 2nd period - Stopped by Steve Mason with a rebound.
2:31 of 2nd period - Wrist shot by Bobby Ryan.
2:31 of 2nd period - Stopped by Steve Mason with a rebound.
2:33 of 2nd period - Snap shot by Luke Schenn.
2:33 of 2nd period - Shot Blocked by Ben Lovejoy.
2:35 of 2nd period - Wrist shot by Bobby Ryan.
2:35 of 2nd period - Goal by Bobby Ryan - Maple Leafs : 2 - Devils : 1.
2:36 of 2nd period - Nazem Kadri wins face-off versus Travis Zajac in neutral zone.
2:43 of 2nd period - Backhand shot by Nazem Kadri.
2:43 of 2nd period - Stopped by Marc-Andre Fleury with a rebound.
2:45 of 2nd period - Slapshot by Nick Holden.
2:45 of 2nd period - Shot Blocked by Luke Schenn.
2:47 of 2nd period - Snap shot by Nazem Kadri.
2:47 of 2nd period - Shot Misses the Net.
2:49 of 2nd period - Snap shot by Nazem Kadri.
2:49 of 2nd period - Shot Blocked by Luke Schenn.
3:03 of 2nd period - Tyler Johnson is hit by Luke Schenn and loses puck.
3:30 of 2nd period - Mikhail Sergachev is hit by Danton Heinen and loses puck.
3:51 of 2nd period - Wrist shot by Sergey Kalinin.
3:51 of 2nd period - Stopped by Steve Mason without a rebound.
3:52 of 2nd period - Nazem Kadri wins face-off versus Travis Zajac in Devils zone.
3:52 of 2nd period - Nazem Kadri is hit by Logan Couture.
4:06 of 2nd period - Backhand shot by Nazem Kadri.
4:06 of 2nd period - Stopped by Marc-Andre Fleury with a rebound.
4:16 of 2nd period - Shea Weber is hit by Fredrik Claesson and loses puck.
4:23 of 2nd period - Snap shot by Mike Hoffman.
4:23 of 2nd period - Stopped by Steve Mason with a rebound.
4:25 of 2nd period - Snap shot by Mike Hoffman.
4:25 of 2nd period - Shot Blocked by Shea Weber.
4:27 of 2nd period - Slapshot by Hampus Lindholm.
4:27 of 2nd period - Stopped by Steve Mason with a rebound.
4:52 of 2nd period - Snap shot by Nazem Kadri.
4:52 of 2nd period - Stopped by Marc-Andre Fleury without a rebound.
4:53 of 2nd period - Steven Stamkos wins face-off versus Bobby Ryan in Maple Leafs zone.
6:07 of 2nd period - Backhand shot by Steven Stamkos.
6:07 of 2nd period - Stopped by Marc-Andre Fleury with a rebound.
6:42 of 2nd period - Off-side.
6:43 of 2nd period - Travis Zajac wins face-off versus Steven Stamkos in neutral zone.
6:46 of 2nd period - Wrist shot by Mikhail Sergachev.
6:46 of 2nd period - Stopped by Steve Mason without a rebound.
6:47 of 2nd period - Danton Heinen wins face-off versus Michael McCarron in Devils zone.
6:47 of 2nd period - Danton Heinen is hit by Michael McCarron.
7:14 of 2nd period - Snap shot by T.J. Oshie.
7:14 of 2nd period - Stopped by Marc-Andre Fleury without a rebound.
7:15 of 2nd period - Steven Stamkos wins face-off versus Sergey Kalinin in Maple Leafs zone.
7:16 of 2nd period - Wrist shot by Tyler Johnson.
7:16 of 2nd period - Stopped by Marc-Andre Fleury with a rebound.
7:40 of 2nd period - Alexander Edler is hit by Lars Eller and loses puck.
8:56 of 2nd period - Off-side.
8:57 of 2nd period - Bobby Ryan wins face-off versus Brayden Point in neutral zone.
9:12 of 2nd period - Snap shot by Lars Eller.
9:12 of 2nd period - Stopped by Steve Mason with a rebound.
9:22 of 2nd period - Brayden Point is hit by Tom Kostopoulos and loses puck.
9:33 of 2nd period - Wrist shot by Stephen Gionta.
9:33 of 2nd period - Goal by Stephen Gionta - Maple Leafs : 3 - Devils : 1.
9:34 of 2nd period - Travis Zajac wins face-off versus T.J. Oshie in neutral zone.
9:37 of 2nd period - Steven Stamkos is hit by Hampus Lindholm and loses puck.
10:10 of 2nd period - Snap shot by Bobby Ryan.
10:10 of 2nd period - Stopped by Steve Mason with a rebound.
10:33 of 2nd period - Wrist shot by Tanner Pearson.
10:33 of 2nd period - Shot Misses the Net.
10:45 of 2nd period - Dmitry Kulikov is hit by Tom Kostopoulos and loses puck.
10:59 of 2nd period - Snap shot by Tanner Pearson.
10:59 of 2nd period - Deflect By Mikhail Sergachev.
10:59 of 2nd period - Shot Blocked by Tom Kostopoulos.
10:59 of 2nd period - Puck is out of play.
11:00 of 2nd period - Travis Zajac wins face-off versus Nazem Kadri in Maple Leafs zone.
11:00 of 2nd period - Travis Zajac is hit by Shea Weber.
11:07 of 2nd period - Minor Penalty to Alexander Kerfoot for Holding.
11:08 of 2nd period - Andrew Cogliano wins face-off versus Travis Zajac in Devils zone.
11:16 of 2nd period - Slapshot by Travis Zajac.
11:16 of 2nd period - Goal by Travis Zajac - Maple Leafs : 4 - Devils : 1.
11:17 of 2nd period - T.J. Oshie wins face-off versus Travis Zajac in neutral zone.
11:20 of 2nd period - Snap shot by Steven Stamkos.
11:20 of 2nd period - Stopped by Marc-Andre Fleury without a rebound.
11:21 of 2nd period - Steven Stamkos wins face-off versus Travis Zajac in Maple Leafs zone.
11:35 of 2nd period - Minor Penalty to Hampus Lindholm for Slashing.
11:36 of 2nd period - Travis Zajac wins face-off versus Steven Stamkos in Maple Leafs zone.
12:04 of 2nd period - Icing by Alexander Edler.
12:05 of 2nd period - Travis Zajac wins face-off versus Nazem Kadri in Devils zone.
12:06 of 2nd period - Snap shot by Logan Couture.
12:06 of 2nd period - Stopped by Steve Mason with a rebound.
12:22 of 2nd period - Snap shot by Nazem Kadri.
12:22 of 2nd period - Stopped by Marc-Andre Fleury with a rebound.
12:24 of 2nd period - Slapshot by Steven Stamkos.
12:24 of 2nd period - Goal by Steven Stamkos - Maple Leafs : 4 - Devils : 2.
12:25 of 2nd period - Nazem Kadri wins face-off versus Travis Zajac in neutral zone.
12:39 of 2nd period - Wrist shot by Travis Zajac.
12:39 of 2nd period - Stopped by Steve Mason without a rebound.
12:40 of 2nd period - Travis Zajac wins face-off versus Tyler Johnson in Devils zone.
12:49 of 2nd period - Snap shot by Logan Couture.
12:49 of 2nd period - Stopped by Steve Mason with a rebound.
12:53 of 2nd period - Snap shot by Travis Zajac.
12:53 of 2nd period - Shot Blocked by T.J. Oshie.
12:55 of 2nd period - Slapshot by Luke Schenn.
12:55 of 2nd period - Deflect By Steven Stamkos.
12:55 of 2nd period - Stopped by Steve Mason without a rebound.
12:56 of 2nd period - Bobby Ryan wins face-off versus Alexander Kerfoot in Devils zone.
13:11 of 2nd period - Wrist shot by Nazem Kadri.
13:11 of 2nd period - Stopped by Marc-Andre Fleury without a rebound.
13:12 of 2nd period - Travis Zajac wins face-off versus Steven Stamkos in Maple Leafs zone.
13:25 of 2nd period - Slapshot by Steven Stamkos.
13:25 of 2nd period - Stopped by Marc-Andre Fleury with a rebound.
13:39 of 2nd period - Shea Weber is hit by Luke Schenn and loses puck.
14:03 of 2nd period - Slapshot by Sergey Kalinin.
14:03 of 2nd period - Shot Blocked by Linden Vey.
14:05 of 2nd period - Snap shot by Stephen Gionta.
14:05 of 2nd period - Stopped by Steve Mason with a rebound.
14:27 of 2nd period - Snap shot by Travis Zajac.
14:27 of 2nd period - Stopped by Steve Mason with a rebound.
15:31 of 2nd period - Nazem Kadri is hit by Steven Santini and loses puck.
15:52 of 2nd period - Hampus Lindholm is hit by Danton Heinen and loses puck.
16:30 of 2nd period - Slapshot by Hampus Lindholm.
16:30 of 2nd period - Stopped by Steve Mason with a rebound.
16:32 of 2nd period - Wrist shot by Sergey Kalinin.
16:32 of 2nd period - Shot Hit the Post.
16:57 of 2nd period - Slapshot by Tanner Pearson.
16:57 of 2nd period - Stopped by Marc-Andre Fleury without a rebound.
16:58 of 2nd period - Steven Stamkos wins face-off versus Bobby Ryan in Maple Leafs zone.
17:34 of 2nd period - Slapshot by Mikhail Sergachev.
17:34 of 2nd period - Stopped by Steve Mason without a rebound.
17:35 of 2nd period - Travis Zajac wins face-off versus Nazem Kadri in Devils zone.
18:00 of 2nd period - Nikolaj Ehlers is hit by Tyler Johnson and loses puck.
18:21 of 2nd period - Wrist shot by Stephen Gionta.
18:21 of 2nd period - Deflect By Alexander Edler.
18:21 of 2nd period - Shot Misses the Net.
18:21 of 2nd period - Puck is out of play.
18:22 of 2nd period - Danton Heinen wins face-off versus Sergey Kalinin in Devils zone.
18:29 of 2nd period - Tom Kostopoulos is hit by Matt Hunwick and loses puck.
18:48 of 2nd period - Matt Hunwick is hit by Mike Hoffman and loses puck.
19:11 of 2nd period - Nick Holden is hit by Nikolaj Ehlers and loses puck.
19:34 of 2nd period - Backhand shot by Travis Zajac.
19:34 of 2nd period - Stopped by Steve Mason without a rebound.
19:35 of 2nd period - Michael McCarron wins face-off versus Linden Vey in Devils zone.
19:36 of 2nd period - Slapshot by Travis Zajac.
19:36 of 2nd period - Shot Misses the Net.
19:38 of 2nd period - Slapshot by Toby Enstrom.
19:38 of 2nd period - Shot Blocked by Dmitry Kulikov.
19:40 of 2nd period - Slapshot by Mikhail Sergachev.
19:40 of 2nd period - Stopped by Steve Mason with a rebound.
Goals for this period are 4 for Maple Leafs vs 1 for Devils.
Shots for this period are 24 for Maple Leafs vs 13 for Devils.

3rd period


0:01 of 3rd period - Mike Hoffman wins face-off versus Nazem Kadri in neutral zone.
0:54 of 3rd period - Off-side.
0:55 of 3rd period - Nazem Kadri wins face-off versus Travis Zajac in neutral zone.
1:45 of 3rd period - Snap shot by T.J. Oshie.
1:45 of 3rd period - Shot Misses the Net.
1:47 of 3rd period - Snap shot by Tyler Johnson.
1:47 of 3rd period - Shot Blocked by Luke Schenn.
1:49 of 3rd period - Snap shot by T.J. Oshie.
1:49 of 3rd period - Stopped by Marc-Andre Fleury with a rebound.
1:51 of 3rd period - Wrist shot by T.J. Oshie.
1:51 of 3rd period - Stopped by Marc-Andre Fleury with a rebound.
1:53 of 3rd period - Wrist shot by T.J. Oshie.
1:53 of 3rd period - Stopped by Marc-Andre Fleury without a rebound.
1:54 of 3rd period - Travis Zajac wins face-off versus Danton Heinen in Maple Leafs zone.
2:07 of 3rd period - Wrist shot by Mike Hoffman.
2:07 of 3rd period - Shot Blocked by Conor Sheary.
2:25 of 3rd period - Snap shot by Nikolaj Ehlers.
2:25 of 3rd period - Shot Misses the Net.
2:27 of 3rd period - Slapshot by Toby Enstrom.
2:27 of 3rd period - Shot Blocked by T.J. Oshie.
2:29 of 3rd period - Slapshot by Mikhail Sergachev.
2:29 of 3rd period - Deflect By Nikolaj Ehlers.
2:29 of 3rd period - Shot Misses the Net.
2:29 of 3rd period - Puck is out of play.
2:30 of 3rd period - Travis Zajac wins face-off versus Nazem Kadri in Devils zone.
3:02 of 3rd period - Snap shot by T.J. Oshie.
3:02 of 3rd period - Stopped by Marc-Andre Fleury with a rebound.
3:04 of 3rd period - Snap shot by Tyler Johnson.
3:04 of 3rd period - Shot Blocked by Lars Eller.
3:22 of 3rd period - Snap shot by Linden Vey.
3:22 of 3rd period - Stopped by Marc-Andre Fleury without a rebound.
3:23 of 3rd period - Linden Vey wins face-off versus Travis Zajac in Maple Leafs zone.
3:27 of 3rd period - Minor Penalty to Mike Hoffman for Roughing.
3:28 of 3rd period - Steven Stamkos wins face-off versus Travis Zajac in Maple Leafs zone.
4:49 of 3rd period - Mikhail Sergachev is hit by Steven Stamkos.
5:27 of 3rd period - Penalty to Mike Hoffman is over, Mike Hoffman is back on ice.
5:35 of 3rd period - Slapshot by Andrew Cogliano.
5:35 of 3rd period - Stopped by Marc-Andre Fleury with a rebound.
5:37 of 3rd period - Slapshot by Andrew Cogliano.
5:37 of 3rd period - Stopped by Marc-Andre Fleury with a rebound.
5:39 of 3rd period - Slapshot by Alexander Debrincat.
5:39 of 3rd period - Deflect By Sergey Kalinin.
5:39 of 3rd period - Shot Misses the Net.
5:39 of 3rd period - Puck is out of play.
5:40 of 3rd period - Sergey Kalinin wins face-off versus Linden Vey in Maple Leafs zone.
5:53 of 3rd period - Snap shot by Linden Vey.
5:53 of 3rd period - Stopped by Marc-Andre Fleury with a rebound.
6:03 of 3rd period - Danton Heinen is hit by Tom Kostopoulos and loses puck.
6:57 of 3rd period - Backhand shot by Tom Kostopoulos.
6:57 of 3rd period - Stopped by Steve Mason with a rebound.
7:01 of 3rd period - Slapshot by Mikhail Sergachev.
7:01 of 3rd period - Shot Misses the Net.
7:03 of 3rd period - Snap shot by Tom Kostopoulos.
7:03 of 3rd period - Stopped by Steve Mason without a rebound.
7:04 of 3rd period - Travis Zajac wins face-off versus Nazem Kadri in Devils zone.
7:29 of 3rd period - Alexander Kerfoot is hit by Nikolaj Ehlers and loses puck.
8:56 of 3rd period - Nick Holden is hit by Lars Eller and loses puck.
9:55 of 3rd period - Icing by Tyler Johnson.
9:56 of 3rd period - Bobby Ryan wins face-off versus Danton Heinen in Devils zone.
10:01 of 3rd period - Snap shot by Nikolaj Ehlers.
10:01 of 3rd period - Shot Misses the Net.
10:03 of 3rd period - Slapshot by Steven Santini.
10:03 of 3rd period - Stopped by Steve Mason without a rebound.
10:04 of 3rd period - Brayden Point wins face-off versus Travis Zajac in Devils zone.
10:35 of 3rd period - Stephen Gionta is hit by Alexander Kerfoot and loses puck.
12:28 of 3rd period - Travis Zajac is hit by Alexander Debrincat and loses puck.
14:02 of 3rd period - Slapshot by Bobby Ryan.
14:02 of 3rd period - Deflect By Lars Eller.
14:02 of 3rd period - Stopped by Steve Mason with a rebound.
14:08 of 3rd period - Minor Penalty to Tyler Johnson for Tripping.
14:09 of 3rd period - Tanner Pearson wins face-off versus Travis Zajac in Devils zone.
15:28 of 3rd period - Icing by Bobby Ryan.
15:29 of 3rd period - Bobby Ryan wins face-off versus Tanner Pearson in Maple Leafs zone.
15:56 of 3rd period - Hampus Lindholm is hit by Brayden Point and loses puck.
16:08 of 3rd period - Penalty to Tyler Johnson is over, Tyler Johnson is back on ice.
16:24 of 3rd period - Wrist shot by Steven Stamkos.
16:24 of 3rd period - Stopped by Marc-Andre Fleury without a rebound.
16:25 of 3rd period - Nazem Kadri wins face-off versus Travis Zajac in Maple Leafs zone.
16:28 of 3rd period - Snap shot by Alexander Kerfoot.
16:28 of 3rd period - Stopped by Marc-Andre Fleury with a rebound.
17:07 of 3rd period - Wrist shot by Conor Sheary.
17:07 of 3rd period - Deflect By Danton Heinen.
17:07 of 3rd period - Stopped by Marc-Andre Fleury with a rebound.
17:13 of 3rd period - Wrist shot by Sergey Kalinin.
17:13 of 3rd period - Shot Misses the Net.
17:15 of 3rd period - Wrist shot by Luke Schenn.
17:15 of 3rd period - Shot Misses the Net.
17:17 of 3rd period - Snap shot by Luke Schenn.
17:17 of 3rd period - Deflect By Sergey Kalinin.
17:17 of 3rd period - Shot Misses the Net.
17:17 of 3rd period - Puck is out of play.
17:18 of 3rd period - Nazem Kadri wins face-off versus Travis Zajac in Devils zone.
17:41 of 3rd period - Icing by Mike Hoffman.
17:42 of 3rd period - Danton Heinen wins face-off versus Bobby Ryan in Maple Leafs zone.
18:51 of 3rd period - Nazem Kadri is hit by Logan Couture and loses puck.
Goals for this period are 0 for Maple Leafs vs 0 for Devils.
Shots for this period are 4 for Maple Leafs vs 11 for Devils.